[Event "Titled Tuesday Blitz April 25 Late 2023"]
[White "Kraus, Tomas"]
[Black "Jovic, Stanoje"]
[WhiteFideId "331708"]
[BlackFideId "905020"]
[WhiteElo "2389"]
[BlackElo "2236"]
[Result "0-1"]
[Round "06"]
[TimeControl "180+2"]
[Date "2023.04.25"]
[WhiteClock "0:00:02"]
[BlackClock "0:00:06"]

1. d4 Nf6 2. c4 e6 3. Nf3 b6 4. Nc3 Bb4 5. Qb3 a5 6. a3 Bxc3+ 7. Qxc3 a4 8. Bg5 d6 9. e3 Bb7 10. Bd3 Nbd7 11. O-O-O h6 12. Bh4 g5 13. Bg3 g4 14. Nh4 Ne4 15. Qc2 f5 16. f3 gxf3 17. gxf3 Ng5 18. e4 Qf6 19. exf5 O-O-O 20. Qxa4 exf5 21. Bxf5 Nxf3 22. Rhf1 Qg5+ 23. Kb1 Nxh4 24. Bxd7+ Rxd7 25. c5 dxc5 26. dxc5 Rxd1+ 27. Rxd1 Nf5 28. c6 Kb8 29. Bxc7+ Kc8 30. cxb7+ Kxb7 31. Be5 Rh7 32. Qe4+ Ka7 33. Rd8 Qxd8 34. Qxf5 Qd1+ 35. Ka2 Qd5+ 36. Kb1 Rd7 37. h4 Qd3+ 38. Qxd3 Rxd3 39. Bg7 h5 40. Bf6 b5 41. Kc2 Rf3 42. Bg5 Kb6 43. b3 Kc5 44. Kb2 Kd4 45. Kc2 Rf2+ 46. Kb1 Kc3 47. a4 Kxb3 48. axb5 Rf1+ 49. Bc1 Rf5 50. b6 Rb5 51. Be3 Kc3+ 52. Kc1 Kd3 53. Bg5 Rxb6 54. Be7 Re6 55. Bg5 Re1+ 56. Kb2 Re2+ 57. Kc1 Ke4 58. Kd1 Kf3 59. Bf6 Re4 60. Bd8 Rd4+ 0-1


[Site "https://www.chess.com"]

[Event "Titled Tuesday Blitz April 25 Late 2023"]
[White "Stanisz, Patryk"]
[Black "Gurevich, Dmitry"]
[WhiteFideId "1123106"]
[BlackFideId "2000407"]
[WhiteElo "2069"]
[BlackElo "2506"]
[Result "1-0"]
[Round "06"]
[TimeControl "180+2"]
[Date "2023.04.25"]
[WhiteClock "0:00:38"]
[BlackClock "0:00:02"]

1. d4 Nf6 2. c4 a6 3. a4 e6 4. Nc3 d5 5. e3 c5 6. Nf3 cxd4 7. Nxd4 dxc4 8. Bxc4 Be7 9. O-O O-O 10. Qe2 Nbd7 11. h3 Qc7 12. Bd2 b6 13. Rac1 Bb7 14. Ba2 Qb8 15. e4 Nc5 16. e5 Nfe4 17. Nxe4 Nxe4 18. Bf4 Nc5 19. Bb1 g6 20. b4 Nxa4 21. Qa2 b5 22. Nxe6 fxe6 23. Qxe6+ Rf7 24. Ba2 Qe8 25. Rc7 Kg7 26. Qxf7+ Qxf7 27. Bxf7 Kxf7 28. Rxb7 Ke6 29. Rc1 Rd8 30. Rc6+ Kf5 31. Rxe7 Kxf4 32. Rxa6 1-0


[Site "https://www.chess.com"]

[Event "Titled Tuesday Blitz April 25 Late 2023"]
[White "Antonova, Nadezhda"]
[Black "ArtemDyachuk"]
[WhiteFideId "14700182"]
[WhiteElo "1765"]
[BlackElo "2440"]
[Result "0-1"]
[Round "06"]
[TimeControl "180+2"]
[Date "2023.04.25"]
[WhiteClock "0:00:51"]
[BlackClock "0:00:29"]

1. Nf3 Nf6 2. b3 d6 3. Bb2 c5 4. c4 e5 5. g3 Nc6 6. d3 Be7 7. Bg2 O-O 8. O-O h6 9. Nc3 Be6 10. a3 d5 11. Nxd5 Nxd5 12. cxd5 Qxd5 13. Nxe5 Qxb3 14. Qxb3 Bxb3 15. Nxc6 bxc6 16. Bxc6 Rab8 17. Be5 Rb6 18. Bf3 Be6 19. Rfc1 Rc8 20. Rc2 a5 21. Rac1 a4 22. Bf4 Rb3 23. Rc3 Bf6 24. Rxb3 axb3 25. Bb7 b2 26. Rb1 Rd8 27. Be4 Ba2 28. d4 Bxb1 29. Bxb1 Rxd4 0-1


[Site "https://www.chess.com"]

[Event "Titled Tuesday Blitz April 25 Late 2023"]
[White "Romero Ruscalleda, Josep"]
[Black "D`Arruda, Ricardo D."]
[WhiteFideId "2231859"]
[BlackFideId "100692"]
[WhiteElo "2183"]
[BlackElo "2271"]
[Result "1-0"]
[Round "06"]
[TimeControl "180+2"]
[Date "2023.04.25"]
[WhiteClock "0:01:38"]
[BlackClock "0:01:31"]

1. e4 c5 2. c3 e6 3. d4 d5 4. e5 Qb6 5. Bd3 Bd7 6. dxc5 Bxc5 7. Qe2 Nc6 8. Nf3 Nh6 9. O-O Nf5 10. Nbd2 Be7 11. Re1 O-O 12. Nf1 f6 13. Bxf5 exf5 14. e6 Be8 15. Be3 Qa5 16. Ng3 g6 17. Bh6 Rd8 18. Bxf8 Kxf8 19. Qe3 Kg7 20. Nd4 Qb6 21. Ndxf5+ gxf5 22. Nxf5+ Kh8 23. Qh6 1-0


[Site "https://www.chess.com"]

[Event "Titled Tuesday Blitz April 25 Late 2023"]
[White "Narva, Triin"]
[Black "Mazurkiewicz, Michal"]
[WhiteFideId "4502680"]
[BlackFideId "1124943"]
[WhiteElo "1944"]
[BlackElo "2054"]
[Result "1-0"]
[Round "06"]
[TimeControl "180+2"]
[Date "2023.04.25"]
[WhiteClock "0:00:13"]
[BlackClock "0:00:12"]

1. e4 d6 2. d4 Nf6 3. Nc3 c6 4. f4 Qb6 5. Nf3 Bg4 6. Be2 e6 7. e5 Nd5 8. Nxd5 cxd5 9. O-O Nc6 10. c3 Bxf3 11. Bxf3 dxe5 12. fxe5 Nxe5 13. Bxd5 exd5 14. Qe2 O-O-O 15. Qxe5 f6 16. Qg3 g6 17. a4 Bd6 18. Qf3 f5 19. Bg5 Rd7 20. b4 Re8 21. b5 Re4 22. Qd3 Qc7 23. h3 Qc4 24. Qxc4+ dxc4 25. Rae1 Ba3 26. Rxe4 fxe4 27. Re1 Bb2 28. Rxe4 Rd5 29. Re8+ Kd7 30. Rd8+ Ke6 31. Rxd5 Kxd5 32. Bd2 Ke4 33. Kf2 Kd3 34. Be1 Ba3 35. Kf3 Kc2 36. Ke4 Kb3 37. Kd5 Bf8 38. a5 Ka4 39. a6 bxa6 40. bxa6 Kb5 41. Bd2 Be7 42. g4 Ba3 43. Ke6 Kxa6 44. d5 Kb7 45. d6 Kc6 46. d7 Bc5 47. d8=Q Bb6 48. Qd7+ Kc5 49. Be3# 1-0


[Site "https://www.chess.com"]

[Event "Titled Tuesday Blitz April 25 Late 2023"]
[White "Deviprasath, Sharvesh"]
[Black "Schmidt, Harald"]
[WhiteFideId "30938228"]
[BlackFideId "4648358"]
[WhiteElo "2168"]
[BlackElo "2347"]
[Result "1-0"]
[Round "06"]
[TimeControl "180+2"]
[Date "2023.04.25"]
[WhiteClock "0:01:03"]
[BlackClock "0:00:02"]

1. Nf3 c5 2. e4 a6 3. d4 cxd4 4. Nxd4 e5 5. Nb3 d6 6. Nc3 Be6 7. Be3 Nd7 8. Be2 Rc8 9. O-O Ngf6 10. f4 Be7 11. Bf3 O-O 12. Kh1 Nb6 13. fxe5 dxe5 14. Qxd8 Bxd8 15. Na5 Nc4 16. Nxc4 Rxc4 17. Be2 Rc8 18. Bd3 Ba5 19. Na4 Nd7 20. a3 b5 21. b4 Bc7 22. Nc5 Nxc5 23. Bxc5 Rfd8 24. a4 Bc4 25. Bxc4 bxc4 26. Rfd1 f6 27. Kg1 Kf7 28. Kf2 Ke6 29. Ke3 g6 30. c3 f5 31. b5 Rxd1 32. Rxd1 axb5 33. axb5 Rb8 34. Rb1 Ba5 35. exf5+ gxf5 36. b6 Bxc3 37. b7 Kd5 38. Be7 f4+ 39. Ke2 Bd4 40. g3 fxg3 41. hxg3 c3 42. Kd3 e4+ 43. Kc2 Be5 44. g4 Kd4 45. Bb4 1-0


[Site "https://www.chess.com"]

[Event "Titled Tuesday Blitz April 25 Late 2023"]
[White "Delorme, Alban"]
[Black "Golubev, Mikhail"]
[WhiteFideId "623636"]
[BlackFideId "14100983"]
[WhiteElo "2196"]
[BlackElo "2374"]
[Result "0-1"]
[Round "06"]
[TimeControl "180+2"]
[Date "2023.04.25"]
[WhiteClock "0:00:56"]
[BlackClock "0:00:04"]

1. e4 g6 2. d4 Bg7 3. Nc3 d6 4. Be3 a6 5. f3 b5 6. a3 Nd7 7. Qd2 Bb7 8. g4 c5 9. O-O-O Rc8 10. h4 h5 11. gxh5 Rxh5 12. Nge2 cxd4 13. Bxd4 Ngf6 14. Ng3 Bh6 15. Be3 Bxe3 16. Qxe3 Rhc5 17. h5 Rxc3 18. bxc3 Qa5 19. h6 Rxc3 20. Qd4 Rxa3 21. Rd3 Ra1+ 22. Kb2 Qa2+ 23. Kc3 Qa3+ 24. Kd2 Qc1+ 25. Kc3 Nc5 26. Qxf6 exf6 27. h7 Ra3+ 28. Kd4 Ra4+ 29. Kc3 b4+ 30. Kd4 b3+ 31. c4 Rxc4# 0-1


[Site "https://www.chess.com"]

[Event "Titled Tuesday Blitz April 25 Late 2023"]
[White "Srinath, Rao S.V."]
[Black "Schuster, Karsten"]
[WhiteFideId "5028876"]
[BlackFideId "4611071"]
[WhiteElo "2196"]
[BlackElo "2294"]
[Result "0-1"]
[Round "06"]
[TimeControl "180+2"]
[Date "2023.04.25"]
[WhiteClock "0:00:10"]
[BlackClock "0:00:35"]

1. e4 d5 2. exd5 Qxd5 3. Nc3 Qd6 4. d4 c6 5. Nf3 Bg4 6. h3 Bxf3 7. Qxf3 Nf6 8. Be3 e6 9. O-O-O Nbd7 10. Bd3 Be7 11. g4 Nd5 12. Nxd5 cxd5 13. Kb1 a6 14. Rhe1 Rc8 15. Qe2 Nb6 16. f4 Nc4 17. Bxc4 Rxc4 18. f5 O-O 19. Bc1 Rfc8 20. c3 R4c6 21. g5 Bf8 22. fxe6 fxe6 23. Qe5 Qxe5 24. Rxe5 g6 25. Rde1 Kf7 26. Rf1+ Ke7 27. b3 Bg7 28. Ba3+ Ke8 29. Re3 e5 30. dxe5 Rxc3 31. Rxc3 Rxc3 32. e6 Rc7 33. Bd6 Rc6 34. Rf7 Rxd6 35. Rxg7 b5 36. e7 Re6 37. Rxh7 Rxe7 38. Rh6 Re6 39. Rh8+ Kd7 40. Ra8 Rd6 41. Ra7+ Ke6 42. h4 Kf5 43. Rh7 d4 44. Kc2 Ke4 45. Re7+ Kd5 46. Kd3 Kc5 47. Re5+ Kb4 48. Re4 Ka3 49. Rxd4 Re6 50. Re4 Rc6 51. b4 Kxa2 52. Kd4 Kb3 53. Kd5 Rc4 54. Rxc4 bxc4 55. h5 c3 56. hxg6 c2 57. g7 c1=Q 0-1


[Site "https://www.chess.com"]

[Event "Titled Tuesday Blitz April 25 Late 2023"]
[White "Toniutti, Ezio"]
[Black "Eidelman, Gabriel"]
[WhiteFideId "113034"]
[BlackFideId "30910544"]
[WhiteElo "2215"]
[BlackElo "2209"]
[Result "1-0"]
[Round "06"]
[TimeControl "180+2"]
[Date "2023.04.25"]
[WhiteClock "0:02:15"]
[BlackClock "0:00:19"]

1. d4 b6 2. e4 Bb7 3. Bd3 Nf6 4. Qe2 e6 5. Nf3 d5 6. Nbd2 dxe4 7. Nxe4 Nxe4 8. Bxe4 Bxe4 9. Qxe4 Nd7 10. O-O Nf6 11. Qe2 Bd6 12. Bg5 O-O 13. c4 c5 14. Rad1 Qe7 15. Rfe1 cxd4 16. Nxd4 Rfe8 17. Qf3 Bc5 18. Nf5 Qf8 19. Nxg7 Qxg7 20. Bxf6 Qg6 21. Re4 h5 22. Rh4 Be7 23. Bxe7 1-0


[Site "https://www.chess.com"]

[Event "Titled Tuesday Blitz April 25 Late 2023"]
[White "Melikhov, Evgeny V."]
[Black "Rosenberg, Evan S"]
[WhiteFideId "4122046"]
[BlackFideId "2019299"]
[WhiteElo "2158"]
[BlackElo "1956"]
[Result "1-0"]
[Round "06"]
[TimeControl "180+2"]
[Date "2023.04.25"]
[WhiteClock "0:00:31"]
[BlackClock "0:00:27"]

1. d4 d5 2. c4 e6 3. Nc3 c5 4. cxd5 cxd4 5. Qa4+ Bd7 6. Qxd4 exd5 7. Qxd5 Nf6 8. Qd1 Bc5 9. e3 O-O 10. Nf3 Qe7 11. Be2 Rd8 12. Qc2 Nc6 13. O-O Rac8 14. a3 Ne5 15. Nxe5 Qxe5 16. Bf3 Bd6 17. g3 Bc6 18. Qe2 h5 19. Bxc6 Rxc6 20. f4 Qc5 21. Kg2 Ng4 22. h3 Nf6 23. e4 Bc7 24. Be3 Qe7 25. e5 Nd5 26. Nxd5 Rxd5 27. Rad1 Qd7 28. Rxd5 Qxd5+ 29. Qf3 Rc2+ 30. Rf2 Rxf2+ 31. Bxf2 Qd2 32. Qc3 Qd5+ 33. Kg1 Ba5 34. Qd4 Qf3 35. Qe3 Qd1+ 36. Kg2 Bb6 37. Qf3 Qc2 38. b4 h4 39. gxh4 g6 40. Kg3 Bd8 41. h5 Kh7 42. hxg6+ Qxg6+ 43. Qg4 Qd3+ 44. Qf3 Qg6+ 45. Kh2 Qc2 46. Qh5+ Kg7 47. Qg4+ Kh7 48. Kg2 Bb6 49. Qf3 Kg7 50. f5 Bxf2 51. Qxf2 Qe4+ 52. Qf3 Qc2+ 53. Kg3 f6 54. Qg4+ Kf8 55. exf6 Qc3+ 56. Kh4 Qxf6+ 57. Qg5 Qd4+ 58. Kh5 Qd1+ 59. Kh6 Qd6+ 60. f6 Qe6 61. Qg7+ Ke8 62. Qe7+ Qxe7 63. fxe7 Kxe7 64. Kg7 Kd6 65. h4 Kc6 66. h5 Kb5 67. h6 Ka4 68. h7 Kxa3 69. h8=Q Kxb4 70. Qb8 b5 71. Qxa7 Kb3 72. Qa1 b4 73. Qb1+ Kc3 74. Kf6 b3 75. Ke5 b2 76. Ke4 Kb3 77. Kd3 Ka3 78. Kc4 Ka4 79. Qa2# 1-0


[Site "https://www.chess.com"]

[Event "Titled Tuesday Blitz April 25 Late 2023"]
[White "Marchesich, Giovanni"]
[Black "Alexikov, Alexander"]
[WhiteFideId "2824790"]
[BlackFideId "14103958"]
[WhiteElo "2209"]
[BlackElo "2186"]
[Result "0-1"]
[Round "06"]
[TimeControl "180+2"]
[Date "2023.04.25"]
[WhiteClock "0:00:29"]
[BlackClock "0:00:44"]

1. d4 Nf6 2. Nf3 g6 3. Nc3 Bg7 4. e4 d6 5. Be3 O-O 6. Qd2 c6 7. Bd3 Ng4 8. Bg5 h6 9. Bh4 Nd7 10. h3 Ngf6 11. O-O e5 12. Bg3 Qe7 13. Bh2 a6 14. a4 b6 15. d5 cxd5 16. exd5 Bb7 17. Rae1 Rfe8 18. Nd4 Nxd5 19. Be4 N7f6 20. Nxd5 Nxd5 21. c4 Nf6 22. Bxb7 Qxb7 23. Nb3 Rad8 24. f4 Ne4 25. Qe3 f5 26. Rd1 Qc6 27. Qd3 Qxa4 28. Qd5+ Kh7 29. Nc1 Qc2 30. Nd3 Nf6 31. Qc6 e4 32. Nb4 Qxb2 33. Rb1 Qd4+ 34. Kh1 Qc5 35. Bg1 e3 36. Qxc5 dxc5 37. Nxa6 Rd6 38. Nc7 Re7 39. Nb5 Rde6 40. Rfe1 Nh5 41. Nc3 Bxc3 0-1


[Site "https://www.chess.com"]

[Event "Titled Tuesday Blitz April 25 Late 2023"]
[White "Osmonbekov, Talaibek"]
[Black "Novikova, Galina"]
[WhiteFideId "2017253"]
[BlackFideId "4157095"]
[WhiteElo "2135"]
[BlackElo "1953"]
[Result "0-1"]
[Round "06"]
[TimeControl "180+2"]
[Date "2023.04.25"]
[WhiteClock "0:00:02"]
[BlackClock "0:00:01"]

1. d4 Nf6 2. Bf4 g6 3. Nc3 Bg7 4. e4 d6 5. Qd2 c6 6. O-O-O b5 7. f3 a5 8. h4 a4 9. g4 b4 10. Nce2 b3 11. a3 bxc2 12. Qxc2 Ba6 13. Nh3 Nbd7 14. Nc3 Bxf1 15. Rhxf1 Qb6 16. Nxa4 Qb7 17. Nc3 Nb6 18. e5 Nfd5 19. exd6 Nxf4 20. Nxf4 O-O 21. h5 exd6 22. hxg6 hxg6 23. Rh1 Nc4 24. Ne4 Rab8 25. Nd3 Rfe8 26. Qh2 Bxd4 27. Qh7+ Kf8 28. Nb4 Bg7 29. Nxd6 Nxd6 30. Rxd6 c5 31. Nd3 Qb5 32. Qh2 c4 33. Nb4 Be5 34. Qh6+ Bg7 35. Qf4 Be5 36. Qh6+ Bg7 37. Qd2 Rbc8 38. Qc2 c3 39. b3 Re2 0-1


[Site "https://www.chess.com"]

[Event "Titled Tuesday Blitz April 25 Late 2023"]
[White "Mustafayev, Farid"]
[Black "Coelho, Ramyres Santana"]
[WhiteFideId "13408771"]
[BlackFideId "2120690"]
[WhiteElo "2237"]
[BlackElo "1888"]
[Result "1-0"]
[Round "06"]
[TimeControl "180+2"]
[Date "2023.04.25"]
[WhiteClock "0:00:25"]
[BlackClock "0:00:30"]

1. e4 c5 2. Nf3 d6 3. d4 cxd4 4. Nxd4 Nf6 5. Nc3 a6 6. h3 e5 7. Nde2 Be6 8. g4 Be7 9. Ng3 Nc6 10. Be3 O-O 11. Bg2 b5 12. Qd2 b4 13. Nd5 Bxd5 14. exd5 Nd4 15. Bxd4 exd4 16. Qxd4 Rc8 17. Rc1 Qa5 18. O-O Nd7 19. Nf5 Bf6 20. Qf4 Qxa2 21. Qxb4 Qxb2 22. Qxd6 Ne5 23. Qxa6 Rxc2 24. Rxc2 Qxc2 25. d6 Qd2 26. Qa4 g6 27. Rd1 Qe2 28. Ne7+ Kg7 29. Nd5 Bd8 30. Qd4 f6 31. g5 Nf3+ 32. Bxf3 Qxf3 33. gxf6+ Bxf6 34. Nxf6 Rxf6 35. d7 Qxh3 36. Qxf6+ Kxf6 37. d8=Q+ Kg7 38. Qd4+ Kh6 39. Qe3+ Qxe3 40. fxe3 Kg5 41. Kf2 h5 42. Kf3 Kf5 43. Rg1 g5 44. e4+ Kg6 45. e5 Kf5 46. e6 g4+ 47. Kg3 Kxe6 48. Kh4 Kf5 49. Kxh5 g3 50. Rxg3 Kf4 51. Kh4 Kf5 52. Rg1 Kf4 53. Rf1+ Ke3 54. Kg4 Ke2 55. Rf7 Ke3 56. Rf8 Ke4 57. Re8+ Kd5 58. Kf4 Kd6 59. Kf5 Kd7 60. Re2 Kd6 61. Re1 Kd7 62. Kf6 Kc6 63. Rd1 Kc5 64. Ke6 Kc4 65. Ke5 Kc3 66. Ke4 Kc2 67. Rd7 Kb3 68. Rd8 Kc4 69. Rc8+ Kb5 70. Kd4 Ka6 71. Rb8 Ka7 72. Rb1 Ka6 73. Kc5 Ka7 74. Kc6 Ka6 75. Ra1# 1-0


[Site "https://www.chess.com"]

[Event "Titled Tuesday Blitz April 25 Late 2023"]
[White "Nery Junior, Jose Antonio"]
[Black "Zakarian, David"]
[WhiteFideId "2104822"]
[BlackFideId "13301276"]
[WhiteElo "2197"]
[BlackElo "2306"]
[Result "0-1"]
[Round "06"]
[TimeControl "180+2"]
[Date "2023.04.25"]
[WhiteClock "0:00:01"]
[BlackClock "0:00:10"]

1. e4 Nc6 2. Nf3 d6 3. d4 Nf6 4. Nc3 Bg4 5. Be2 e6 6. h3 Bh5 7. O-O d5 8. e5 Nd7 9. Be3 Be7 10. Nh2 Bg6 11. f4 Nb4 12. Rc1 c5 13. a3 Nc6 14. Nf3 Rc8 15. Nb5 a6 16. Nd6+ Bxd6 17. exd6 cxd4 18. Nxd4 Nxd4 19. Bxd4 O-O 20. Bd3 Nf6 21. Be5 Ne8 22. f5 exf5 23. Bxf5 Bxf5 24. Rxf5 Nxd6 25. Rf3 Ne4 26. Kh1 Re8 27. Bd4 Qh4 28. Qd3 Rc6 29. Rcf1 f6 30. c3 Rce6 31. Bf2 Nxf2+ 32. R3xf2 Qe4 33. Qg3 Kh8 34. Rf4 Qe5 35. Qf3 Rd6 36. Rf5 Qe4 37. Qg3 Rd7 38. R1f2 d4 39. cxd4 Qxd4 40. Kh2 Qd6 41. R5f4 Red8 42. Re2 Re7 43. Ref2 Re5 44. Kh1 Rg5 45. Qf3 h6 46. Rf1 Qd2 47. Re4 Qd3 48. Re3 Qd5 49. Qe2 Kh7 50. Qc2+ f5 0-1


[Site "https://www.chess.com"]

[Event "Titled Tuesday Blitz April 25 Late 2023"]
[White "Simonovic, Miroslav"]
[Black "Urbina Perez, Juan Antonio"]
[WhiteFideId "919152"]
[BlackFideId "2217368"]
[WhiteElo "2042"]
[BlackElo "2197"]
[Result "1-0"]
[Round "06"]
[TimeControl "180+2"]
[Date "2023.04.25"]
[WhiteClock "0:01:23"]
[BlackClock "0:01:57"]

1. d4 d5 2. Bg5 f6 3. Bh4 Nh6 4. f3 c5 5. c3 Qb6 6. Qb3 Qxb3 7. axb3 cxd4 8. cxd4 Nf5 9. Bf2 Nc6 10. e3 e6 11. Bd3 Bb4+ 12. Nd2 e5 13. dxe5 Nxe5 14. Bb5+ Bd7 15. Bxd7+ Kxd7 16. Ke2 Rhe8 17. e4 dxe4 18. Nxe4 Nd6 19. Rd1 Nc6 20. Kf1 Kc7 21. Nxd6 Bxd6 22. Ne2 Rad8 23. Nc3 a6 24. Nd5+ Kb8 25. Bb6 Rd7 26. Kf2 Be5 27. Nc3 Rde7 28. Rhe1 Bc7 29. Bxc7+ Kxc7 30. Nd5+ 1-0


[Site "https://www.chess.com"]

[Event "Titled Tuesday Blitz April 25 Late 2023"]
[White "Gerbelli Neto, Eduardo"]
[Black "Broca Jimenez, Fernando"]
[WhiteFideId "2103281"]
[BlackFideId "5104742"]
[WhiteElo "2178"]
[BlackElo "2062"]
[Result "0-1"]
[Round "06"]
[TimeControl "180+2"]
[Date "2023.04.25"]
[WhiteClock "0:00:02"]
[BlackClock "0:00:09"]

1. e4 c5 2. Nc3 g6 3. f4 Bg7 4. Nf3 Nc6 5. Bc4 e6 6. f5 gxf5 7. d3 Nge7 8. O-O d5 9. exd5 Nxd5 10. Nxd5 exd5 11. Bb3 Be6 12. Ng5 Nd4 13. Qh5 Qf6 14. c3 Nxb3 15. Nxe6 Qxe6 16. axb3 O-O 17. Qxf5 Rfe8 18. Bg5 a6 19. Qf3 h6 20. Bd2 Rad8 21. Rae1 Qd7 22. Qg3 Rxe1 23. Rxe1 Qd6 24. Re8+ Kh7 25. Qxd6 Rxd6 26. Re7 Rb6 27. Rxf7 Kg6 28. Rd7 Rxb3 29. Bc1 d4 30. Rd6+ Kh7 31. Rd7 dxc3 32. bxc3 Rb1 33. Kf2 Rxc1 34. Rxb7 Rxc3 35. Ke3 a5 36. Ra7 Ra3 37. Ke4 a4 38. g4 Ra2 39. h4 Rg2 40. g5 Rg4+ 41. Kf5 Rxh4 42. g6+ Kg8 43. Ra8+ Bf8 44. Kf6 Rf4+ 45. Ke5 Rd4 46. Kf6 Rd6+ 47. Kf5 Rc6 48. Rxa4 Kg7 49. Ra7+ Kg8 50. Ra8 Kg7 51. Ra7+ Kg8 52. Ra8 c4 53. dxc4 Rxc4 54. Ra7 Rc5+ 55. Kf6 Rc6+ 56. Kf5 Rb6 57. Ra8 Rb7 58. Ra6 Kg7 59. Rc6 Rd7 60. Rb6 Rd6 61. Rb7+ Kg8 62. Rb8 Rc6 63. Rd8 Kg7 64. Rd7+ Kg8 65. Rd8 Rc7 66. Kf6 Rb7 67. Rc8 Rg7 0-1


[Site "https://www.chess.com"]

[Event "Titled Tuesday Blitz April 25 Late 2023"]
[White "Dahlgren, James Allen"]
[Black "Szente Varga, Fruzsina"]
[WhiteFideId "22256873"]
[BlackFideId "712264"]
[WhiteElo "1824"]
[BlackElo "1994"]
[Result "0-1"]
[Round "06"]
[TimeControl "180+2"]
[Date "2023.04.25"]
[WhiteClock "0:02:29"]
[BlackClock "0:02:18"]

1. e4 Nf6 2. Nc3 d5 3. e5 Nfd7 4. d4 e6 5. f4 c5 6. Nf3 Nc6 7. Be3 Be7 8. Qd2 O-O 9. h4 Qb6 10. O-O-O c4 11. h5 Bb4 12. h6 g6 13. a3 Bxc3 14. Qxc3 Qc7 15. g4 b5 16. b4 a5 17. Kb2 axb4 18. axb4 Qa7 19. Kc1 Qa4 20. Kd2 Nxb4 21. Qxb4 Qxb4+ 0-1


[Site "https://www.chess.com"]

[Event "Titled Tuesday Blitz April 25 Late 2023"]
[White "Allahverdiyeva, Ayan"]
[Black "Capp, Stephen"]
[WhiteFideId "13412590"]
[BlackFideId "2027089"]
[WhiteElo "1980"]
[BlackElo "1920"]
[Result "1-0"]
[Round "06"]
[TimeControl "180+2"]
[Date "2023.04.25"]
[WhiteClock "0:00:24"]
[BlackClock "0:00:12"]

1. e4 e5 2. Nf3 d5 3. exd5 Bd6 4. Nc3 Nf6 5. d3 h6 6. Be2 Nbd7 7. Nd2 O-O 8. Nde4 Nb6 9. Nxf6+ Qxf6 10. Be3 Bb4 11. Bf3 Qg6 12. a3 Bxc3+ 13. bxc3 f5 14. c4 e4 15. dxe4 fxe4 16. Bh5 Qxg2 17. Rf1 Nxc4 18. Qd4 Nxe3 19. Qxe3 Bh3 20. O-O-O Qg5 21. Qxg5 hxg5 22. Rg1 Rxf2 23. Rde1 g4 24. Rxe4 Rd8 25. Bxg4 Bxg4 26. Rexg4 Rd7 27. h4 b5 28. h5 Kh7 29. Rg5 a5 30. Kb2 b4 31. axb4 axb4 32. R1g4 Rd2 33. Kb3 R2xd5 34. Kxb4 Rd2 35. c3 Rb2+ 36. Kc5 Rb6 37. c4 Rbd6 38. Rg6 Rd3 39. Kc6 Rh3 40. Kxd7 Rxh5 41. Rxg7+ Kh6 42. R4g6# 1-0


[Site "https://www.chess.com"]

[Event "Titled Tuesday Blitz April 25 Late 2023"]
[White "Toma, Katarzyna"]
[Black "Aigner, Michael"]
[WhiteFideId "1119907"]
[BlackFideId "2017288"]
[WhiteElo "2149"]
[BlackElo "1966"]
[Result "0-1"]
[Round "06"]
[TimeControl "180+2"]
[Date "2023.04.25"]
[WhiteClock "0:00:01"]
[BlackClock "0:01:40"]

1. d4 f5 2. Nf3 Nf6 3. g3 e6 4. Bg2 d5 5. O-O Bd6 6. Nbd2 Nbd7 7. c4 c6 8. c5 Bc7 9. b4 e5 10. dxe5 Nxe5 11. Bb2 Qe7 12. Nxe5 Bxe5 13. Bxe5 Qxe5 14. Nf3 Qe7 15. Nd4 O-O 16. e3 a6 17. a4 Bd7 18. Qc2 Ne4 19. Rfc1 Rac8 20. Ra2 g6 21. Qb3 Kg7 22. Rac2 h5 23. h4 g5 24. hxg5 Qxg5 25. b5 axb5 26. axb5 Qf6 27. bxc6 bxc6 28. Qb7 Rf7 29. Ra2 Rh8 30. Nf3 Qe7 31. Kf1 Nxc5 32. Qb4 Ne4 33. Qd4+ Qf6 34. Ne5 Re7 35. Nxd7 Qxd4 0-1


[Site "https://www.chess.com"]

[Event "Titled Tuesday Blitz April 25 Late 2023"]
[White "Srdanovic, Jovana"]
[Black "Kostiukov, Alexandr"]
[WhiteFideId "954810"]
[BlackFideId "14108100"]
[WhiteElo "2145"]
[BlackElo "2202"]
[Result "0-1"]
[Round "06"]
[TimeControl "180+2"]
[Date "2023.04.25"]
[WhiteClock "0:00:06"]
[BlackClock "0:00:06"]

1. d4 g6 2. e4 c5 3. c3 cxd4 4. cxd4 d5 5. e5 Bg7 6. Nc3 Nh6 7. Bxh6 Bxh6 8. Nf3 O-O 9. h3 Nc6 10. Qb3 e6 11. Bd3 Bd7 12. O-O Na5 13. Qc2 Rc8 14. Qe2 Nc4 15. Nd1 Qb6 16. b3 Na3 17. Ne3 Rc7 18. Ng4 Bg7 19. Qe3 Bb5 20. Bxb5 Qxb5 21. Nf6+ Kh8 22. Qg5 Qd3 23. Qh4 h5 24. Rad1 Qf5 25. Ng4 Qf4 26. Ne3 Qxh4 27. Nxh4 Rfc8 28. Nf3 Bh6 29. Kh2 Rc3 30. Rfe1 Nc2 31. Nxc2 Rxc2 32. g4 hxg4 33. hxg4 Bf4+ 34. Kg2 Rxa2 35. Rh1+ Kg8 36. g5 Rcc2 37. Rdf1 Be3 38. Kg3 Bxf2+ 39. Kg4 Be3 40. Rh3 Rg2+ 41. Kh4 Raf2 42. Rfh1 Kf8 43. Rg3 Rxg3 44. Kxg3 Rb2 45. Rh8+ Ke7 46. Rc8 Rxb3 47. Rc7+ Kf8 48. Rc8+ Kg7 49. Rc7 a5 50. Kg4 a4 51. Ne1 Bd2 52. Nc2 Rc3 53. Rxc3 Bxc3 54. Kf3 b5 55. Ke3 b4 56. Kd3 Kf8 57. Ke3 Ke7 58. Kd3 Kd7 59. Ne3 Kc6 60. Ng4 a3 61. Nf6 a2 62. Ng8 a1=Q 63. Ne7+ Kd7 64. Ng8 Qd1+ 65. Ke3 Qxd4+ 66. Kf3 Qxe5 67. Nf6+ 0-1


[Site "https://www.chess.com"]

[Event "Titled Tuesday Blitz April 25 Late 2023"]
[White "Leschinsky, Gary"]
[Black "Fuentes Godoy, Lilia Ivonne"]
[WhiteFideId "30951321"]
[BlackFideId "5104130"]
[WhiteElo "1855"]
[BlackElo "2096"]
[Result "0-1"]
[Round "06"]
[TimeControl "180+2"]
[Date "2023.04.25"]
[WhiteClock "0:00:06"]
[BlackClock "0:02:22"]

1. d4 d5 2. c4 e6 3. Nc3 c6 4. cxd5 exd5 5. Qc2 Nf6 6. Nf3 g6 7. Bf4 Bg7 8. e3 Bf5 9. Bd3 Bxd3 10. Qxd3 O-O 11. O-O Nbd7 12. h3 Re8 13. Nd2 a5 14. Bg3 b5 15. a3 Nb6 0-1


[Site "https://www.chess.com"]

[Event "Titled Tuesday Blitz April 25 Late 2023"]
[White "Vargas, Mauricio"]
[Black "Bulgurlu, Okan"]
[WhiteFideId "4404572"]
[BlackFideId "6352316"]
[WhiteElo "1998"]
[BlackElo "1908"]
[Result "0-1"]
[Round "06"]
[TimeControl "180+2"]
[Date "2023.04.25"]
[WhiteClock "0:01:07"]
[BlackClock "0:01:51"]

1. e4 c5 2. Nc3 d6 3. f4 e6 4. Nf3 Nc6 5. Bb5 Ne7 6. Bxc6+ Nxc6 7. d3 Be7 8. O-O O-O 9. Qe1 Nd4 10. Nxd4 cxd4 11. Ne2 e5 12. Ng3 Bh4 13. Rf3 Bg4 14. Rf1 Rc8 15. f5 Rxc2 16. h3 Re2 17. Qxe2 Bxe2 18. Nxe2 Bg5 19. g3 Be3+ 20. Bxe3 dxe3 21. Kg2 Qb6 22. b3 Rc8 23. Rfd1 Rc2 24. Kf3 g6 25. f6 d5 26. exd5 Qxf6+ 27. Kxe3 Qg5+ 28. Kf3 Qf5+ 29. Ke3 Qxh3 30. Rdc1 Qh6+ 31. Kf3 Qh5+ 32. Ke3 Qxe2# 0-1


[Site "https://www.chess.com"]

[Event "Titled Tuesday Blitz April 25 Late 2023"]
[White "yoriiiis"]
[Black "Figorito, Nick"]
[BlackFideId "30923689"]
[WhiteElo "2127"]
[BlackElo "2036"]
[Result "0-1"]
[Round "06"]
[TimeControl "180+2"]
[Date "2023.04.25"]
[WhiteClock "0:00:08"]
[BlackClock "0:00:27"]

1. e4 e6 2. d4 d5 3. Nc3 Bb4 4. e5 c5 5. a3 Bxc3+ 6. bxc3 Ne7 7. h4 Qa5 8. Bd2 Qa4 9. Qg4 Kf8 10. h5 h6 11. Bd3 Nbc6 12. Nf3 c4 13. Be2 Qxc2 14. O-O Qf5 15. Qh4 Bd7 16. Rab1 Na5 17. Rb2 Nb3 18. Be3 a5 19. Bd1 Qe4 20. Qxe4 dxe4 21. Nd2 Nxd2 22. Bxd2 Bc6 23. a4 f5 24. Be2 Bd5 25. Rfb1 Kf7 26. Rb5 Rhc8 27. Bc1 Bc6 28. Rb6 Nd5 29. Rxb7+ Bxb7 30. Rxb7+ Kg8 31. Bd2 Rab8 32. Rxb8 Rxb8 33. Bxc4 Rc8 34. Bxd5 exd5 35. Kf1 Rc4 36. Ke2 Rxa4 37. Kd1 Ra2 38. Kc1 Kf7 39. Be3 Ke6 40. g3 Kd7 41. Kb1 Re2 42. Kc1 Re1+ 43. Kb2 Rh1 44. Kb3 Rxh5 45. Ka4 Rh1 46. Kxa5 Rb1 47. Bf4 g5 48. Be3 Ke6 49. Bd2 Rb2 50. Be3 h5 51. Bxg5 Rxf2 52. Bf4 Rb2 53. Bg5 Rb3 54. Bd2 e3 55. Bxe3 Rxc3 56. Bf4 Rd3 57. Kb4 Rxd4+ 58. Kc5 Rxf4 59. gxf4 h4 60. Kd4 h3 61. Ke3 h2 0-1


[Site "https://www.chess.com"]